 Dungeon Crawl Stone Soup version 0.17.0-23-g0de4337 (webtiles) character file.

8269 Vatticson the Quickloader (level 11, -2/94 HPs)
             Began as a Centaur Hunter on Nov 14, 2015.
             Was an Elder of Zin.
             Slain by a wolf (4 damage)
             ... led by Grum
             ... on level 1 of the Lair of Beasts.
             The game lasted 01:19:15 (13555 turns).

Vatticson the Quickloader (Centaur Hunter)         Turns: 13555, Time: 01:19:15

Health: -2/94      AC:  8    Str: 21      XL:     11   Next: 7%
Magic:  0/15       EV: 16    Int:  9 (10) God:    Zin [****..]
Gold:   110        SH:  0    Dex: 12      Spells: 0 memorised, 10 levels left

rFire  + . .     SeeInvis .     I - +1 shortbow (flame)
rCold  . . .     Clarity  .     S - +2 ring mail {rF+}
rNeg   . . .     SustAt   .     (shield currently unavailable)
rPois  .         Gourm    .     (no helmet)
rElec  .         Spirit   +     (no cloak)
rCorr  .         Warding  .     f - +0 pair of gloves
rMut   .         Stasis   .     (no barding)
MR     .....                    h - amulet of guardian spirit
Stlth  ..........               x - +5 ring of strength
                                y - +5 ring of evasion

@: very slightly contaminated, drained, very quick, not resistant to hostile
enchantments, extremely unstealthy
A: hooves 3, deformed body, speed 2, tough skin 3
a: Recite, Vitalisation, Imprison, Donate Gold, Renounce Religion


You were on level 1 of the Lair of Beasts.
You worshipped Zin.
Zin was greatly pleased with you.
You were not hungry.

You visited 3 branches of the dungeon, and saw 13 of its levels.
You also visited: Sewer.

You collected 654 gold pieces.
You spent 331 gold pieces at shops.
You donated 213 gold pieces to Zin.

Inventory:

Hand Weapons
 a - a +2 hand crossbow
 b - a +0 mace of venom
 c - a +0 short sword
 o - a +0 rapier
 I - a +1 shortbow of flaming (weapon)
 O - a +0 long sword
Missiles
 w - 4 bolts
 z - 18 arrows of flame (quivered)
 D - 9 needles of slowing
 J - 93 arrows
 Q - a throwing net
Armour
 d - a +0 leather armour
 f - a +0 pair of gloves (worn)
 S - a +2 ring mail of fire resistance (worn)
Jewellery
 h - an amulet of guardian spirit (around neck)
 i - an uncursed ring of stealth
 x - a +5 ring of strength (right hand)
 y - a +5 ring of evasion (left hand)
 M - an uncursed ring of protection from cold
 V - a cursed ring of teleportation {unknown}
 Y - an uncursed ring of poison resistance {unknown}
 Z - a +5 ring of evasion
Wands
 n - a wand of draining (13)
 A - a wand of digging (19)
 F - a wand of confusion (24)
 N - a wand of disintegration (20)
 U - a wand of frost (5)
Scrolls
 m - a scroll of enchant armour {unknown}
 q - 3 scrolls of teleportation
 r - 4 scrolls of fog
 s - 2 scrolls of magic mapping
 t - a scroll of fear
 B - 2 scrolls of remove curse
 R - 2 scrolls of amnesia
 T - a scroll of enchant weapon
 W - a scroll of vulnerability {unknown}
Potions
 j - 4 potions of curing
 k - 4 potions of magic
 l - 3 potions of heal wounds
 v - 2 potions of agility {unknown}
 C - a potion of flight {unknown}
 E - a potion of brilliance
 G - 2 potions of might {unknown}
 K - a potion of cure mutation {unknown}
 L - a potion of mutation {unknown}
Comestibles
 e - 5 bread rations
 g - 6 meat rations
 u - 2 royal jellies
 P - 6 beef jerkies


   Skills:
 + Level 8.2(7.8) Fighting
 * Level 13.0(12.5) Crossbows
 + Level 6.2(5.8) Dodging
 - Level 0.5(0.1) Stealth
 + Level 6.4(6.0) Invocations


You had 10 spell levels left.
You didn't know any spells.

Dungeon Overview and Level Annotations

Branches:
Dungeon (10/15)            Temple (1/1) D:5            Lair (2/8) D:10
    Orc: D:9-12

Altars:
Ashenzari
Cheibriados
Dithmenos
Elyvilon
Fedhas
Gozag
Kikubaaqudgha
Makhleb
Nemelex Xobeh
Okawaru
Qazlal
Ru
Sif Muna
Trog
Vehumet
Xom
Yredelemnul
Zin
The Shining One

Shops:
D:4 *   D:6 :   D:8 *([

Annotations:
Lair:1 Grum, Nergalle


Innate Abilities, Weirdness & Mutations

You have hooves in place of feet.
Armour fits poorly on your strangely shaped body.
You cover ground very quickly.
You have extremely tough skin (AC +3).


Message History

The wolf is heavily wounded.
The wolf completely misses you. The wolf closely misses you.
The wolf closely misses you.
The river rat bites you but does no damage.
The wolf barely misses you. The river rat misses you.
The wolf closely misses you. The wolf bites you.
* * * LOW HITPOINT WARNING * * *
You clumsily bash the wolf but do no damage.
Your kick misses the wolf.
The wolf is heavily wounded.
The wolf bites you but does no damage. The wolf bites you!
Zin protects you from harm! The wolf misses you.
The river rat closely misses you. The wolf closely misses you.
You closely miss the wolf. You kick the wolf.
The wolf is heavily wounded.
The wolf bites you.
* * * LOW HITPOINT WARNING * * *
The wolf closely misses you. The wolf bites you.
You die...

.##.##.#####.........#
.##.##.######........#
.......>.(..F.r......##
........(.########.#.P#
..........######.##..##
........>........g.Fr#
...[.F#######.######(##
.....)#####.(.######r.#
......(.....(..r@hFgr##
##.##...r..(....#h##.#
...>.......(.........#
.####.#..##....$%....#
. ........((........#
.....####.#.######.#
....(.# #.#..# #.#
....... ...... ..#
##rP# #%#


You could see Grum, a spiny frog, 2 wolves, a porcupine and 2 river rats.

Vanquished Creatures
  3 hill giants
  A spiny frog (Lair:1)
  2 komodo dragons
  A troll (D:9)
  Grinder (D:6)
  Prince Ribbit (D:8)
  A deep elf mage (D:10)
  A hippogriff (D:8)
  A wolf (Lair:2)
  A hungry ghost (D:9)
  2 water moccasins
  An ice beast (D:5)
  A porcupine (Lair:2)
  3 orc warriors
  4 centaurs
  A sky beast (D:10)
  8 ogres
  A crocodile (D:8)
  2 big kobolds
  4 giant frogs
  3 scorpions
  19 killer bees
  3 wights (D:10)
  A centaur zombie (D:9)
  A crimson imp (D:8)
  A giant frog zombie (D:5)
  6 orc priests
  5 jellies
  3 giant frog skeletons
  3 hounds
  2 orc wizards
  2 centaur skeletons
  3 iguanas
  4 worker ants
  A hound zombie (D:7)
  7 river rats
  5 gnolls
  14 adders
  4 shadow imps
  6 oozes
  An adder skeleton (D:6)
  4 worms
  7 giant geckos
  40 orcs
  10 bats
  2 giant cockroaches
  4 goblins
  8 hobgoblins
  9 jackals
  6 quokkas
  12 ball pythons (Sewer)
  3 giant gecko skeletons (D:4)
  A giant gecko zombie (D:6)
  10 giant newts
  A jackal skeleton (D:4)
  20 kobolds
  30 rats
  A spectral orc (D:5)
302 creatures vanquished.

Vanquished Creatures (others)
  3 river rats (Lair:1)
  A fungus (Lair:1)
  4 plants (D:10)
8 creatures vanquished.

Grand Total: 310 creatures vanquished

Notes
Turn   | Place    | Note
--------------------------------------------------------------
     0 | D:1      | Vatticson the Centaur Hunter began the quest for the Orb.
     0 | D:1      | Reached XP level 1. HP: 17/17 MP: 1/1
   316 | D:1      | Reached XP level 2. HP: 24/24 MP: 2/2
   916 | D:2      | Reached skill level 5 in Crossbows
   922 | D:2      | Reached XP level 3. HP: 25/30 MP: 3/3
  1424 | D:2      | Reached XP level 4. HP: 37/37 MP: 4/4
  1498 | D:2      | Found a deep blue altar of Sif Muna.
  1516 | D:2      | Found a snail-covered altar of Cheibriados.
  2051 | D:3      | Found a glowing drain.
  2056 | Sewer    | Entered a sewer
  2151 | Sewer    | Reached XP level 5. HP: 44/44 MP: 5/5
  2262 | Sewer    | Reached skill level 6 in Crossbows
  2769 | Sewer    | Noticed a giant frog
  2769 | Sewer    | Noticed a giant frog
  2906 | Sewer    | Killed a giant frog
  2906 | Sewer    | Reached XP level 6. HP: 39/51 MP: 1/6
  2915 | Sewer    | Killed a giant frog
  3315 | D:3      | Found an ancient bone altar of Kikubaaqudgha.
  3735 | D:4      | Reached skill level 7 in Crossbows
  4161 | D:4      | Reached XP level 7. HP: 56/59 MP: 7/7
  4182 | D:4      | Found Doxkirebb's General Store.
  4231 | D:4      | Bought a scroll of remove curse for 30 gold pieces
  4231 | D:4      | Bought a scroll of identify for 20 gold pieces
  4231 | D:4      | Bought 7 needles of slowing for 28 gold pieces
  4599 | D:5      | Entered Level 5 of the Dungeon
  4760 | D:5      | Reached skill level 8 in Crossbows
  5079 | D:5      | Found a staircase to the Ecumenical Temple.
  5092 | D:5      | Reached XP level 8. HP: 60/67 MP: 5/8
  5113 | D:5      | Reached skill level 5 in Fighting
  5195 | Temple   | Entered the Ecumenical Temple
  5349 | Temple   | Became a worshipper of Zin the Law-Giver
  5349 | Temple   | Reached * piety under Zin
  5350 | Temple   | Donated 77 gold pieces to Zin
  5406 | D:5      | Found a basalt altar of Yredelemnul.
  5468 | D:5      | Reached skill level 9 in Crossbows
  5866 | D:6      | Reached ** piety under Zin
  5877 | D:6      | Found Hutiunats's Book Emporium.
  6091 | D:6      | Noticed Grinder
  6102 | D:6      | Paralysed by Grinder for 2 turns
  6106 | D:6      | Killed Grinder
  6292 | D:6      | Reached *** piety under Zin
  6320 | D:6      | Found an iron altar of Okawaru.
  6320 | D:6      | Found a white marble altar of Elyvilon.
  6533 | D:7      | Reached skill level 10 in Crossbows
  6806 | D:7      | Reached skill level 1 in Invocations
  6809 | D:7      | Reached XP level 9. HP: 75/75 MP: 9/9
  6835 | D:7      | Found a shimmering altar of Xom.
  7621 | D:8      | Found Vyabeij's Weapon Shoppe.
  7654 | D:8      | Found Eraug's Assorted Antiques.
  7674 | D:8      | Bought a glowing ring mail for 88 gold pieces
  7674 | D:8      | Bought a scroll of enchant weapon for 165 gold pieces
  7780 | D:8      | Lost intelligence.
  8460 | D:8      | Noticed Prince Ribbit
  8463 | D:8      | Killed Prince Ribbit
  8596 | D:8      | Found Fagac's Armour Emporium.
  9287 | D:8      | Reached skill level 11 in Crossbows
  9287 | D:8      | Reached skill level 5 in Dodging
  9731 | D:9      | Noticed a hill giant
 10133 | D:9      | Lost intelligence.
 10151 | D:9      | Killed a hill giant
 10151 | D:9      | Reached XP level 10. HP: 41/86 MP: 6/13
 10198 | D:9      | Lost intelligence.
 10617 | D:9      | Reached **** piety under Zin
 10877 | D:10     | Entered Level 10 of the Dungeon
 11278 | D:10     | Reached skill level 5 in Invocations
 11291 | D:10     | Reached skill level 12 in Crossbows
 11316 | D:10     | Noticed a hill giant
 11368 | D:10     | Killed a hill giant
 11629 | D:10     | Donated 79 gold pieces to Zin
 11730 | D:10     | Noticed a hill giant
 11765 | D:10     | Killed a hill giant
 12040 | D:10     | Found a staircase to the Lair.
 12404 | Lair:1   | Entered Level 1 of the Lair of Beasts
 12466 | Lair:1   | Reached XP level 11. HP: 32/94 MP: 7/15
 12799 | Lair:1   | Noticed Nergalle
 12836 | Lair:1   | Noticed a spectral orc warlord
 12956 | Lair:1   | Noticed Grum
 13209 | Lair:2   | Reached skill level 13 in Crossbows
 13497 | Lair:1   | HP: 4/94 [wolf[Grum] (1)]
 13498 | Lair:1   | HP: 1/94 [wolf[Grum] (4)]
 13553 | Lair:1   | HP: 4/94 [wolf[Grum] (1)]
 13554 | Lair:1   | Zin protects you from harm!
 13555 | Lair:1   | Slain by a wolf

Action                   |  1- 3 |  4- 6 |  7- 9 | 10-12 || total
-------------------------+-------+-------+-------+-------++-------
Melee: Hand crossbow     |     6 |     2 |       |    17 ||    25
       Rapier            |       |    68 |       |    11 ||    79
       Shortbow          |       |       |       |     8 ||     8
 Fire: Hand crossbow     |   108 |   157 |   330 |   299 ||   894
       Shortbow          |       |       |       |     1 ||     1
Throw: Javelin           |       |    10 |       |     1 ||    11
       Throwing net      |       |       |       |     1 ||     1
Invok: Donate Gold       |       |       |     1 |     1 ||     2
       Recite            |       |       |     1 |     4 ||     5
       Vitalisation      |       |       |     1 |     2 ||     3
       Imprison          |       |       |     1 |       ||     1
  Use: Scroll            |     3 |    11 |     2 |     1 ||    17
       Potion            |     1 |     8 |     2 |     5 ||    16
  Eat: Chunk             |       |     2 |     2 |     1 ||     5
       Pizza             |       |     1 |     1 |       ||     2
       Bread ration      |       |     1 |     3 |     1 ||     5
       Beef jerky        |       |       |     1 |     2 ||     3
       Fruit             |       |       |     1 |       ||     1
